 Dungeon Crawl Stone Soup version 0.29.1-14-g9c671dbff4 (webtiles) character file.

Game seed: 10560733843295151178

34 Heoruswealwe the Caller (level 3, -6/19 HPs)
             Began as a Deep Elf Summoner on Feb 16, 2023.
             Mangled by a shadow (9 damage)
             ... created by the darkness of Dithmenos
             ... on level 2 of the Dungeon.
             The game lasted 00:13:31 (1087 turns).

Heoruswealwe the Caller (Deep Elf Summoner)         Turns: 1087, Time: 00:13:32

Health: -6/19      AC:  3    Str:  5    XL:     3   Next: 14%
Magic:  10/10      EV: 12    Int: 27    God:
Gold:   44         SH:  0    Dex: 15    Spells: 6/10 levels left

rFire   . . .      SeeInvis .   A - +0 short sword (venom)
rCold   . . .      Faith    .   (no shield)
rNeg    . . .      Spirit   .   B - +0 robe
rPois   .          Reflect  .   l - +0 helmet
rElec   .          Harm     .   (no cloak)
rCorr   .          Rampage  .   (no gloves)
Will    .....                   (no boots)
Stlth   ++........              (no amulet)
HPRegen 0.06/turn               s - +6 ring of intelligence
MPRegen 0.12/turn               (no ring)

@: no status effects
A: no striking features
a: no special abilities


You were on level 2 of the Dungeon.
You visited 1 branch of the dungeon, and saw 2 of its levels.

You collected 51 gold pieces.
You spent 7 gold pieces at shops.

Inventory:

Hand Weapons
 d - a +0 club
 k - a +0 whip
 o - a +0 dagger
 q - a +0 dagger
 t - a +0 club
 w - a +0 whip
 y - a +0 club
 A - a +0 short sword of venom (weapon)
Missiles
 j - 11 stones
Armour
 a - a +0 robe
 h - a +0 leather armour
 i - a +0 ring mail
 l - a +0 helmet (worn)
 m - a +0 robe
 p - a +0 scale mail
 r - a +0 scale mail
 v - a +0 chain mail
 B - a +0 robe (worn)
Jewellery
 s - a +6 ring of intelligence (left hand)
Scrolls
 c - a scroll of fear {unknown}
 f - 2 scrolls of teleportation {unknown}
 g - 3 scrolls of identify {unknown}
 n - a scroll of amnesia {unknown}
 x - a scroll of fog {unknown}
Potions
 b - a potion of magic
 e - a potion of ambrosia {unknown}
 u - a potion of mutation {unknown}
 z - a potion of curing {unknown}


   Skills:
 - Level 2.4 Dodging
 - Level 2.4 Stealth
 + Level 4.1 Spellcasting
 + Level 5.0 Summonings


You had 6 spell levels left.
You knew the following spells:

 Your Spells              Type           Power      Damage    Failure   Level
a - Summon Small Mammal   Summ           100%       N/A       1%          1
b - Call Canine Familiar  Summ           32%        N/A       3%          3

Your spell library contained the following spells:

 Spells                   Type           Power      Damage    Failure   Level
 Call Imp                 Summ           32%        N/A       1%          2
 Summon Guardian Golem    Hex/Summ       19%        N/A       9%          3
 Summon Lightning Spire   Summ/Air       19%        N/A       28%         4


Dungeon Overview and Level Annotations

Branches:
Dungeon (2/15)

Altars:
Dithmenos

Shops:
D:1 [


Message History

You kill the hobgoblin!
The frilled lizard barely misses you.
You hit the frilled lizard.
The frilled lizard is poisoned.
The frilled lizard is heavily wounded.
You kill the frilled lizard!
A hobgoblin comes into view.
Things that are here:
3 stones; a scroll labelled FUESOARHUE; a hobgoblin corpse
j - 11 stones (gained 3)
g - 3 scrolls labelled FUESOARHUE (gained 1)
You barely miss the hobgoblin. The hobgoblin barely misses you.
You hit the hobgoblin but do no damage.
The hobgoblin is poisoned.
The hobgoblin hits you.
You closely miss the hobgoblin.
The hobgoblin is heavily wounded.
The hobgoblin closely misses you.
You closely miss the hobgoblin.
The hobgoblin is almost dead.
You kill the hobgoblin!
You now have 44 gold pieces (gained 14).
Things that are here:
a +0 robe; a hobgoblin corpse
B - a +0 robe You start removing your armour.
You continue taking off your +0 robe. x4
You finish taking off your +0 robe.
You start putting on your armour.
You continue putting on your +0 robe. x5
You finish putting on your +0 robe.
Dithmenos calls forth shadows to punish you. 3 shadows come into view.
You hit the shadow but do no damage. You closely miss the shadow.
The shadow hits you!
Ouch! That really hurt!
* * * LOW HITPOINT WARNING * * *
The shadow slips into darkness.
The shadow flickers and vanishes!
Deactivating autopickup; reactivate with Ctrl-A.
You barely miss the shadow. The shadow barely misses you.
The shadow misses you.
The shadow strikes at you from the darkness!
You die...

....# #..............
###.###..........##..##.#........
.....##..........##..............
###..##..........##.....†........
.....##..........##..............
.##..##..........##.###.#........
.....##..........##.# #.#.#######
.#...##.........W##.# #.#.# #
.#........†...#{@##.# #.#.# #
.#.....<#†###.#.W##.# #.#.#### #
.#......#.# #.#..##.# #.#....# #
.#..###.#.# #.#..##.###.#..#.####
##..# #.#.# #........##.#..#.....
....###.#.#############.#..######
..<.....................#..# #
###.....#.###############..# #
#.#####.# #..######


You could see 2 shadows.

Vanquished Creatures
  A worm (D:2)
  A dart slug (D:1)
  A ball python (D:2)
  4 giant cockroaches
  3 goblins
  2 hobgoblins (D:2)
  2 bats (D:1)
  A frilled lizard (D:2)
  A kobold (D:2)
  A rat (D:2)
17 creatures vanquished.

Vanquished Creatures (collateral kills)
  2 ball pythons
  An endoplasm (D:1)
  2 giant cockroaches (D:2)
  A goblin (D:1)
  A kobold (D:1)
  A bat (D:1)
  A frilled lizard (D:1)
  A rat (D:1)
10 creatures vanquished.

Grand Total: 27 creatures vanquished

Notes
Turn   | Place    | Note
-------+----------+-------------------------------------------
     0 | D:1      | Heoruswealwe the Deep Elf Summoner began the quest for the
                  | Orb.
     0 | D:1      | Reached XP level 1. HP: 10/10 MP: 6/6
   242 | D:1      | Found Yjouw's Armour Shop.
   251 | D:1      | Bought a +0 robe for 7 gold pieces
   288 | D:1      | Reached XP level 2. HP: 15/15 MP: 5/8
   307 | D:1      | Found a faded altar of an unknown god.
   314 | D:1      | Prayed at the altar of an unknown god.
   314 | D:1      | Became a worshipper of Dithmenos the Shadowed
   314 | D:1      | Reached * piety under Dithmenos
   317 | D:1      | Fell from the grace of Dithmenos
   867 | D:2      | Reached skill level 5 in Summonings
   867 | D:2      | Reached XP level 3. HP: 18/19 MP: 8/10
   979 | D:2      | Learned a level 3 spell: Call Canine Familiar
  1085 | D:2      | Noticed a shadow
  1085 | D:2      | Noticed a shadow
  1085 | D:2      | Noticed a shadow
  1087 | D:2      | Mangled by a shadow

Illustrated notes

Levels and vault maps discovered:
D:1:      minmay_arrival_four_houses, layout_rooms,
          dreamdust_ecumenical_altar_angels_and_demons, serial_shops, shop,
          chequers_serial_rivers_small_3
D:2:      layout_basic

Skill      XL: |  1  2 |
---------------+-------+-----
Spellcasting   | 4 |  4.1
Summonings     | 5 |  5.0
Dodging        | |  2.4
Stealth        | |  2.4

Action                   || total
-------------------------++-------
Melee: Whip              ||    37
       Dagger            ||    16
       Punch             ||     1
       Short sword       ||    14
 Cast: Summon Small Mamm ||    14
Invok: Renounce Religion ||     1
 Stab: Sleeping          ||     4
Armor: Robe              ||    16
Dodge: Dodged            ||    49
